 Dungeon Crawl Stone Soup version 0.17-a0-1900-g45e8110 (webtiles) character file.

1213 4thArraOfDagon the Carver (level 8, -5/54 HPs)
             Began as a High Elf Berserker on Sept 24, 2015.
             Was a Believer of Trog.
             Slain by a gargoyle
             ... wielding a +0 mace
              (11 damage)
             ... on level 8 of the Dungeon.
             The game lasted 00:09:51 (1953 turns).

4thArraOfDagon the Carver (High Elf Berserker)      Turns: 1953, Time: 00:09:51

Health: -5/54      AC:  9    Str: 16    XL:     8   Next: 22%
Magic:  19/19      EV: 14    Int: 10    God:    Trog [**....]
Gold:   138        SH:  2    Dex: 18    Spells: 0 memorised, 7 levels left

rFire  . . .     SeeInvis .     n - +0 long sword
rCold  . . .     Clarity  .     k - +0 ring mail
rNeg   . . .     SustAt   .     (no shield)
rPois  .         Gourm    .     i - +0 hat
rElec  .         Spirit   .     (no cloak)
rCorr  .         Warding  .     (no gloves)
rMut   .         Rnd*Tele +     e - +0 pair of boots
MR     ++...                    (no amulet)
Stlth  +.........               g - ring of teleportation (curse)
                                h - ring of magical power

@: exhausted, regenerating, slowed, very slow, very resistant to hostile
enchantments, very unstealthy
A: large bone plates 1, blurry vision 1, breathe flames 1, deterioration 1
a: Burn Spellbooks, Berserk, Trog's Hand, Renounce Religion, Breathe Fire, Evoke
Teleportation


You were on level 8 of the Dungeon.
You worshipped Trog.
Trog was pleased with you.
You were not hungry.

You visited 1 branch of the dungeon, and saw 8 of its levels.

You collected 138 gold pieces.

Inventory:

Hand weapons
 a - a +0 falchion
 n - a +0 long sword (weapon)
Missiles
 r - 4 throwing nets (quivered)
Armour
 e - a +0 pair of boots (worn)
 i - a +0 hat (worn)
 k - a +0 ring mail (worn)
Jewellery
 g - a cursed ring of teleportation (right hand)
 h - a ring of magical power (left hand)
Magical devices
 b - a wand of frost (15)
 f - a wand of slowing (10)
 m - a wand of invisibility (1)
 o - a wand of polymorph (6)
Scrolls
 d - 2 scrolls of identify
 j - a scroll of remove curse {unknown}
 t - 2 scrolls of teleportation
Comestibles
 c - 6 bread rations
 q - 5 chunks of flesh
 s - 6 beef jerkies


   Skills:
 + Level 4.9 Fighting
 * Level 8.2 Long Blades
 + Level 4.3 Armour
 + Level 5.0 Dodging
 + Level 2.2 Evocations


You had 7 spell levels left.
You didn't know any spells.

Dungeon Overview and Level Annotations

Branches:
Dungeon (8/15)             Temple (0/1) D:6
   Lair: D:8-11

Altars:
Gozag
Xom
Zin

Annotations:
D:6 Dowan


Innate Abilities, Weirdness & Mutations

You are partially covered in large bone plates (AC +2, SH +2).
Scrolls take you a little longer to read.
You can breathe flames.
Your body sometimes deteriorates upon taking damage.


Message History

You regain control of your magic.
You feel yourself wasting away.
Your throat feels hot.
You feel the effects of Trog's Hand fading.
You block the gargoyle's attack.
Unknown command.
Unknown command.
Drink which item? (? for menu, Esc to quit)
You can't drink that!
Unknown command.
Drink which item? (? for menu, Esc to quit)
It was a potion of berserk rage.
You're too exhausted to go berserk.
The gargoyle hurls a stone arrow at you.
The stone arrow hits you!
* * * LOW HITPOINT WARNING * * *
Unknown command.
Unknown command.
Read which item? (? for menu, Esc to quit)
Really read with blurry vision while enemies are nearby?
The gargoyle hits you with a mace!
You die...

######## .
##......########..
#.................
#.................
#....#9@..........
#... #............
#.9 #............
#. #..........##
.. ..............
# ###..........#.
#..........#
#..........#


You could see a gargoyle.

Vanquished Creatures
  Duvessa (D:6)
  2 sky beasts (D:7)
  2 ogres
  3 giant frogs
  A killer bee (D:8)
  2 scorpions
  5 wights (D:6)
  A hound (D:8)
  A gnoll shaman (D:8)
  An iguana (D:6)
  A worker ant (D:7)
  3 gnolls (D:7)
  An adder (D:5)
  2 shadow imps (D:7)
  An ooze (D:8)
  An adder zombie (D:6)
  A giant gecko (D:2)
  6 orcs
  2 bats
  2 goblins (D:3)
  5 hobgoblins
  2 jackals (D:2)
  2 kobolds (D:2)
  A ball python (D:2)
  4 giant cockroaches
  2 giant newts
  A jackal zombie (D:3)
  3 rats
59 creatures vanquished.

Notes
Turn   | Place    | Note
--------------------------------------------------------------
     0 | D:1      | 4thArraOfDagon the High Elf Berserker began the quest for the Orb.
     0 | D:1      | Reached XP level 1. HP: 16/16 MP: 2/2
   199 | D:2      | Reached skill level 4 in Long Blades
   201 | D:2      | Reached XP level 2. HP: 9/21 MP: 3/3
   614 | D:3      | Gained mutation: You are robust (+10% HP). [potion of beneficial mutation]
   721 | D:4      | Noticed a scorpion
   736 | D:4      | Killed a scorpion
   736 | D:4      | Reached XP level 3. HP: 28/28 MP: 4/4
   736 | D:4      | Reached XP level 4. HP: 34/34 MP: 5/5
   741 | D:4      | Noticed a phantom
   775 | D:4      | Found a glowing silver altar of Zin.
   775 | D:4      | Found a shimmering altar of Xom.
   776 | D:4      | Noticed an angel
   852 | D:5      | Entered Level 5 of the Dungeon
   998 | D:6      | Noticed an ice beast
   999 | D:6      | Noticed Duvessa
  1000 | D:6      | Noticed Dowan
  1002 | D:6      | Found a staircase to the Ecumenical Temple.
  1029 | D:6      | Killed Duvessa
  1029 | D:6      | Acquired Trog's second power
  1029 | D:6      | Reached skill level 5 in Long Blades
  1029 | D:6      | Reached XP level 5. HP: 39/39 MP: 6/6
  1107 | D:6      | Reached skill level 6 in Long Blades
  1107 | D:6      | Reached XP level 6. HP: 47/47 MP: 7/7
  1149 | D:6      | Noticed a giant frog
  1173 | D:6      | Killed a giant frog
  1211 | D:5      | Noticed a water moccasin
  1229 | D:7      | Reached XP level 7. HP: 39/52 MP: 8/8
  1330 | D:7      | Reached skill level 7 in Long Blades
  1464 | D:7      | Reached skill level 1 in Evocations
  1475 | D:7      | Gained mutation: Your spells are a little harder to cast, but a little more powerful. [mutagenic meat]
  1555 | D:7      | Gained mutation: Scrolls take you a little longer to read. [mutagenic meat]
  1556 | D:7      | Gained mutation: You are partially covered in large bone plates (AC +2, SH +2). [mutagenic meat]
  1557 | D:7      | Lost mutation: You are robust (+10% HP). [mutagenic meat]
  1626 | D:7      | Noticed a water moccasin
  1652 | D:7      | Found an opulent altar of Gozag.
  1766 | D:8      | Reached XP level 8. HP: 16/54 MP: 10/10
  1773 | D:8      | Reached skill level 8 in Long Blades
  1940 | D:8      | Reached skill level 5 in Dodging
  1945 | D:8      | Noticed a gargoyle
  1951 | D:8      | Lost mutation: Your spells are a little harder to cast, but a little more powerful. [potion of mutation]
  1951 | D:8      | Gained mutation: Your body sometimes deteriorates upon taking damage. [potion of mutation]
  1951 | D:8      | Gained mutation: You can breathe flames. [potion of mutation]
  1953 | D:8      | Slain by a gargoyle

Vault maps used:
D:1:      mrwooster_arrival_statue, st_stairs_6, minivault_24
D:2:      minmay_door_square
D:3:      overflow_temple_1_default, serial_aquarium, aquarium_bridge_square,
          aquarium_bridge_island_small, aquarium_window_fake, aquarium_window_1,
          aquarium_view_2c, aquarium_pool_1, first_bread,
          minmay_misc_feat_roman, st_stairs_11, uniq_crazy_yiuf_cottage,
          uniq_terence
D:4:      grunt_temple_overflow_order_and_chaos_1, serial_bayou_pond_d
D:6:      temple_pool_b, nemelex_dance_club_becter, uniq_duvessa, uniq_sigmund
D:7:      grunt_decor_fettered, grunt_ogre_cave, nicolae_gozag_seed_capital
D:8:      uniq_gastronok, uniq_joseph

Action                   |  1- 3 |  4- 6 |  7- 9 || total
-------------------------+-------+-------+-------++-------
Melee: Falchion          |    75 |    31 |       ||   106
       Long sword        |       |    23 |    98 ||   121
Invok: Berserk           |     4 |     5 |     8 ||    17
       Trog's Hand       |       |     1 |     5 ||     6
Evoke: Wand              |       |     2 |     2 ||     4
  Use: Scroll            |     1 |     2 |       ||     3
       Potion            |     1 |       |     4 ||     5
 Stab: Sleeping          |     3 |       |       ||     3
       Invisible         |       |     4 |       ||     4
  Eat: Chunk             |     3 |     6 |    15 ||    24
       Bread ration      |       |       |     1 ||     1
